 Dungeon Crawl Stone Soup version 0.28.0-53-g5a82cb258f (webtiles) character file.

Game seed: 6650041102307947196

13 cbfl8 the Shield-Bearer (level 2, 27/27 HPs)
             Began as a Minotaur Fighter on July 20, 2022.
             Was a Follower of Kikubaaqudgha.
             Quit the game on level 1 of the Dungeon.
             The game lasted 00:00:31 (745 turns).

cbfl8 the Shield-Bearer (Minotaur Fighter)           Turns: 745, Time: 00:00:32

Health: 27/27      AC:  7    Str: 20    XL:     2   Next: 24%
Magic:  1/1        EV:  9    Int:  5    God:    Kikubaaqudgha [*.....]
Gold:   70         SH:  4    Dex:  9    Spells: 1/1 levels left

rFire   . . .      SeeInvis .   a - +0 war axe
rCold   . . .      Faith    .   c - +0 buckler
rNeg    . . .      Spirit   .   b - +0 scale mail
rPois   .          Reflect  .   (helmet restricted)
rElec   .          Harm     .   (no cloak)
rCorr   .          Rampage  .   (no gloves)
Will    .....                   (no boots)
Stlth   ..........              (no amulet)
HPRegen 0.09/turn               (no ring)
MPRegen 0.07/turn               (no ring)

@: no status effects
A: horns 2, retaliatory headbutt
a: Renounce Religion, Receive Corpses


You were on level 1 of the Dungeon.
You worshipped Kikubaaqudgha.
Kikubaaqudgha was aware of your devotion.
You visited 1 branch of the dungeon, and saw 1 of its levels.

You collected 70 gold pieces.

Inventory:

Hand Weapons
 a - a +0 war axe (weapon)
Armour
 b - a +0 scale mail (worn)
 c - a +0 buckler (worn)
Scrolls
 e - a scroll of vulnerability {unknown}
 f - a scroll of identify {unknown}
Potions
 d - a potion of might


   Skills:
 + Level 3.8 Fighting
 + Level 2.7 Axes
 + Level 3.8 Armour
 + Level 4.0 Shields


You had one spell level left.
You didn't know any spells.
Your spell library contained the following spells:

 Spells                   Type           Power      Damage    Failure   Level
 Animate Skeleton         Necr           0%         N/A       89%         1
 Apportation              Tloc           0%         N/A       89%         1
 Sublimation of Blood     Necr           0%         N/A       96%         2
 Vampiric Draining        Necr           0%         2d6       99%         3
 Agony                    Necr           0%         N/A       100%        5


Dungeon Overview and Level Annotations

Branches:
Dungeon (1/15)

Altars:
Kikubaaqudgha


Innate Abilities, Weirdness & Mutations

You have a pair of horns on your head.
You reflexively headbutt those who attack you in melee.


Message History

You barely miss the kobold. You headbutt the kobold.
You kill the kobold!
You slash the goblin!
You kill the goblin!
You now have 70 gold pieces (gained 16).
An endoplasm comes into view.
Found a dagger.
The endoplasm quivers.
You see here a +0 club.
An endoplasm is nearby!
The endoplasm jiggles.
An endoplasm is nearby!
The endoplasm hits you but does no damage.
An endoplasm is nearby!
You hit the endoplasm but do no damage.
The endoplasm hits you but does no damage.
An endoplasm is nearby!
You slash the endoplasm!
You kill the endoplasm!
Things that are here:
a +0 dagger; 4 stones No target in view!
There is a faded altar of an unknown god here.
Things that are here:
a +0 dagger; a goblin skeleton You cannot tell which god this altar belongs to.
Convert to them anyway?
Okay, then.
You cannot tell which god this altar belongs to.
Convert to them anyway? [Y]es or [N]o only, please.
You cannot tell which god this altar belongs to.
Convert to them anyway?
Okay, then.
You cannot tell which god this altar belongs to.
Convert to them anyway?
Kikubaaqudgha accepts your prayer! Kikubaaqudgha welcomes you!
You can now receive cadavers from Kikubaaqudgha.
Kikubaaqudgha grants you a gift!
You add the spells Animate Skeleton, Sublimation of Blood, Vampiric Draining and Agony to your library.
Unknown command.
Press < or > to pray at altars.
Are you sure you want to abandon this character and quit the game? (Confirm with "yes".)

#.# #.####...### # ##
#####.###.###....# ## .##
#....(........##.# ##.
..######.##...#####...#.# ##..
...#.........#.....#....## ##...
...).###...P#.#####.#P...####....
...).......#.#...†.#.#......+....
.....#.#..#.#.#####.#.#..####....
...#.#.#..#.#.#P@.#.#P#.## ##...
..##.#.##.^....^^...^.^.# ##..
.###.#..................# ##. ##
#.####.#.#.########..# ##
#..........# #.## # ######.#####
#.# # #.# #.# ## #.# #.# ##. ..#
#.# #..


There were no monsters in sight!

Vanquished Creatures
  2 endoplasms (D:1)
  4 goblins (D:1)
  A kobold (D:1)
  3 frilled lizards (D:1)
  3 rats (D:1)
13 creatures vanquished.

Notes
Turn   | Place    | Note
-------+----------+-------------------------------------------
     0 | D:1      | cbfl8 the Minotaur Fighter began the quest for the Orb.
     0 | D:1      | Reached XP level 1. HP: 19/19 MP: 0/0
   503 | D:1      | Reached skill level 4 in Shields
   507 | D:1      | Found a faded altar of an unknown god.
   510 | D:1      | Reached XP level 2. HP: 26/27 MP: 1/1
   543 | D:1      | Got Plato's Compendium of the Voyage
   744 | D:1      | Prayed at the altar of an unknown god.
   744 | D:1      | Became a worshipper of Kikubaaqudgha
   744 | D:1      | Reached * piety under Kikubaaqudgha
   744 | D:1      | Received a gift from Kikubaaqudgha
   745 | D:1      | Quit the game

Illustrated notes

Levels and vault maps discovered:
D:1:      lightli_arrival_boilingwater, layout_loops_corners,
          shapermc_ecumenical_altar_rom_forum

Skill      XL: |  1 |
---------------+----+-----
Shields        | 4 |  4.0
Fighting       | |  3.8
Axes           | |  2.7
Armour         | |  3.8

Action                   || total
-------------------------++-------
Melee: War axe           ||    35
       Headbutt          ||     6
Armor: Scale mail        ||    14
Dodge: Dodged            ||    10
Block: Buckler           ||     8
